 Dungeon Crawl Stone Soup version 0.31-a0-532-g28f74ba3e5 (webtiles) character file.

Game seed: 14619926877797351322

3097 randomguy2701 the Thaumaturge (level 9, -2/47 HPs)
             Began as a Deep Elf Necromancer on Aug 13, 2023.
             Was an Initiate of Sif Muna.
             Killed from afar by Maggie (11 damage)
             ... with a bolt of fire
             ... on level 8 of the Dungeon.
             The game lasted 00:21:01 (8068 turns).

randomguy2701 the Thaumaturge (DENe)                Turns: 8068, Time: 00:21:03

Health: -2/47      AC:  3    Str:  5    XL:     9   Next: 59%
Magic:  12/36      EV: 13    Int: 31    God:    Sif Muna [......]
Gold:   297        SH:  0    Dex: 15    Spells: 26/32 levels left

rFire   . . .        (no weapon)
rCold   . . .        (no shield)
rNeg    . . .        a - +0 robe
rPois   .            (no helmet)
rElec   .            (no cloak)
rCorr   .            i - +0 pair of gloves
SInv    .            (no boots)
Will    .....        (no amulet)
Stlth   ++           K - ring of magical power
HPRegen 0.27/turn    A - +6 ring of intelligence
MPRegen 0.25/turn

%: no passive effects
@: mesmerised
A: no striking features
a: Renounce Religion


You were on level 8 of the Dungeon.
You worshipped Sif Muna.
Sif Muna was noncommittal.
You visited 2 branches of the dungeon, and saw 9 of its levels.

You collected 297 gold pieces.

Inventory:

Hand Weapons
 B - a +0 heavy sling
Missiles
 H - a throwing net
Armour
 a - a +0 robe (worn)
 i - a +0 pair of gloves (worn)
Jewellery
 q - a ring of ice
 t - a ring of poison resistance
 x - the amulet of Galum {Reflect -Cast Rampage +Blink rC++ SH+5}
   (You found it on level 5 of the Dungeon)

   [amulet of reflection]

   Reflect:   It reflects blocked missile attacks.
   rC++:      It greatly protects you from cold.
   +Blink:    It lets you blink.
   -Cast:     It prevents spellcasting.
   SH+5:      It affects your SH (+5).
   Rampage:   It bestows one free step when moving towards enemies.
 A - a +6 ring of intelligence (right hand)
 C - a ring of resist corrosion
 K - a ring of magical power (left hand)
Wands
 r - a wand of flame (4)
 I - a wand of mindburst (16)
Scrolls
 c - 2 scrolls of butterflies {unknown}
 d - 2 scrolls of enchant armour {unknown}
 e - a scroll of vulnerability {unknown}
 f - a scroll of identify
 g - a scroll of torment {unknown}
 k - a scroll of fog {unknown}
 l - a scroll of fear {unknown}
 n - 3 scrolls of immolation {unknown}
 p - 3 scrolls of amnesia {unknown}
 s - 2 scrolls of teleportation {unknown}
 w - a scroll of acquirement {unknown}
 y - a scroll of noise {unknown}
 D - a scroll of poison {unknown}
 F - a scroll of enchant weapon {unknown}
 J - a scroll of silence {unknown}
Potions
 b - 2 potions of magic
 h - a potion of berserk rage {unknown}
 j - 2 potions of invisibility
 m - 2 potions of brilliance
 o - 4 potions of lignification
 u - a potion of enlightenment
 v - a potion of curing
 z - a potion of heal wounds {unknown}
 E - 2 potions of haste {unknown}
 G - 2 potions of mutation {unknown}


   Skills:
 + Level 1.3 Fighting
 + Level 1.6 Ranged Weapons
 + Level 4.1 Dodging
 + Level 3.1 Stealth
 + Level 12.3 Spellcasting
 + Level 11.5 Necromancy
 + Level 0.1 Translocations
 + Level 0.9 Evocations


You had 26 spell levels left.
You knew the following spells:

 Your Spells              Type           Power      Damage    Failure   Level
a - Necrotise             Necr           100%       1d9       1%          1
b - Blink                 Tloc           40%        N/A       3%          2
c - Vampiric Draining     Necr           74%        2d11      1%          3

Your spell library contained the following spells:

 Spells                   Type           Power      Damage    Failure   Level
 Animate Dead             Necr           74%        N/A       1%          4
 Agony                    Necr           74%        N/A       1%          5
 Summon Small Mammal      Summ           76%        N/A       2%          1
 Scorch                   Fire           38%        2d6       3%          2
 Call Canine Familiar     Summ           19%        N/A       8%          3
 Summon Guardian Golem    Hex/Summ       19%        N/A       8%          3
 Manifold Assault         Tloc           20%        N/A       24%         4
 Flame Wave               Conj/Fire      19%        2d7       26%         4
 Summon Cactus Giant      Summ           9%         N/A       98%         6


Dungeon Overview and Level Annotations

Branches:
Dungeon (8/15)             Temple (1/1) D:7
   Lair: D:8-11

Altars:
Ashenzari
Cheibriados
Dithmenos
Elyvilon
Fedhas
Gozag
Hepliaklqana
Kikubaaqudgha
Makhleb
Nemelex Xobeh
Okawaru
Qazlal
Ru
Sif Muna
Trog
Uskayaw
Wu Jian
Xom
Yredelemnul
Zin
The Shining One

Shops:
D:6 ?

Annotations:
D:5 2 transporters, hgbash's ghost, novice TrSh
D:8 Erica; Maggie


Message History

Casting: Necrotise (safe; 1% risk of failure)
Confirm with . or Enter, or press ? or * to list all spells.
Aiming: Vampiric Draining (safe; 1% risk of failure)
Press: ? - help, Shift-Dir - straight line, f - Maggie, p - yak
Aim: Maggie, wielding a +0 morningstar and wearing +0 steam dragon scales (mesmerising)
You draw life force from Maggie.
You feel life coursing into your body. The bullfrog closely misses you.
Maggie completely misses you. The yak barely misses you. The yak gores you!
The bullfrog barely misses you.
Casting: Vampiric Draining (safe; 1% risk of failure)
Confirm with . or Enter, or press ? or * to list all spells.
Aiming: Vampiric Draining (safe; 1% risk of failure)
Press: ? - help, Shift-Dir - straight line, f/p - Maggie
Aim: Maggie, wielding a +0 morningstar and wearing +0 steam dragon scales (lightly wounded, mesmerising)
You draw life force from Maggie!
You feel life coursing into your body. Maggie hits you with a +0 morningstar!
* * * LOW HITPOINT WARNING * * *
The yak misses you. The yak gores you.
* * * LOW HITPOINT WARNING * * *
The bullfrog hits you but does no damage.
Unknown command.
Casting: Vampiric Draining (safe; 1% risk of failure)
Confirm with . or Enter, or press ? or * to list all spells.
Aiming: Vampiric Draining (safe; 1% risk of failure)
Press: ? - help, Shift-Dir - straight line, f/p - Maggie
Aim: Maggie, wielding a +0 morningstar and wearing +0 steam dragon scales (lightly wounded, mesmerising)
You draw life force from Maggie!
You feel life coursing into your body.
The bullfrog hits you but does no damage.
Maggie hits you with a +0 morningstar!
* * * LOW HITPOINT WARNING * * *
The yak gores you but does no damage. The yak closely misses you.
The bullfrog hits you but does no damage.
Casting: Vampiric Draining (safe; 1% risk of failure)
Confirm with . or Enter, or press ? or * to list all spells.
Aiming: Vampiric Draining (safe; 1% risk of failure)
Press: ? - help, Shift-Dir - straight line, f/p - Maggie
Aim: Maggie, wielding a +0 morningstar and wearing +0 steam dragon scales (moderately wounded, mesmerising)
You draw life force from Maggie!
You feel life coursing into your body. Maggie casts a spell at you.
The bolt of fire hits you!
You die...

.......... #
##...........[...#..# ###
......................# #.#
##....................# #.#
#..%.............(....## #.#
.......................######.###
...............lh.>..............
...............@YF.......<#######
................@Y.......## #....
................†........# #.###
.........................####.#
......(.................##....#
...YY<.................######.#
#......................# #.#
#....................#.# #.#
##...................#.# #.#
#.#.......^.......#.#.# #.#


You could see Maggie (mesmerising), a komodo dragon, 2 yaks, a black bear and a
bullfrog.

Vanquished Creatures
  A hornet (D:8)
  3 yaks (D:8)
  An orc warrior (D:7)
  3 black bears
  2 ice beasts
  2 ogres (D:4)
  A kobold brigand (D:8)
  2 bullfrogs (D:7)
  A gnoll sergeant (D:5)
  Blork the orc (D:5)
  2 scorpions (D:6)
  10 killer bees
  A howler monkey (D:7)
  The ghost of Zonian the Insei, a weakling OpSh (D:3)
  A jelly (D:7)
  2 orc priests (D:7)
  3 hounds
  2 gnoll boudas
  2 iguanas
  3 orc wizards (D:7)
  3 adders
  18 gnolls
  A shadow imp (D:6)
  A white imp (D:7)
  A worm (D:2)
  A dart slug (D:3)
  28 orcs
  4 ball pythons
  2 endoplasms
  4 goblins
  4 hobgoblins
  8 kobolds
  2 quokkas
  2 bats
  4 frilled lizards
  4 rats
131 creatures vanquished.

Vanquished Creatures (collateral kills)
  An ogre (D:5)
  2 gnolls
  An adder (D:2)
4 creatures vanquished.

Vanquished Creatures (others)
  A human (D:7)
1 creature vanquished.

Grand Total: 136 creatures vanquished

Notes
Turn   | Place    | Note
-------+----------+-------------------------------------------
     0 | D:1      | randomguy2701 the Deep Elf Necromancer began the quest for
                  | the Orb.
     0 | D:1      | Reached XP level 1. HP: 10/10 MP: 6/6
     4 | D:1      | Found a faded altar of an unknown god.
    49 | D:1      | Reached skill level 5 in Necromancy
   321 | D:1      | Reached XP level 2. HP: 15/15 MP: 6/8
  1005 | D:2      | Reached XP level 3. HP: 19/19 MP: 8/10
  1051 | D:2      | Reached skill level 4 in Spellcasting
  1283 | D:3      | Found a shadowy altar of Dithmenos.
  1569 | D:3      | Noticed Zonian's ghost (weakling OpSh)
  1572 | D:3      | Found a transporter.
  1580 | D:3      | Found a transporter.
  1599 | D:3      | Reached XP level 4. HP: 24/24 MP: 5/12
  1605 | D:3      | Reached skill level 5 in Spellcasting
  2018 | D:4      | Found a broken altar of Ashenzari.
  2036 | D:4      | Found a burning altar of Makhleb.
  2140 | D:4      | Noticed an ogre
  2367 | D:4      | Noticed an ogre
  2414 | D:3      | Killed Zonian's ghost
  2415 | D:3      | Reached XP level 5. HP: 13/28 MP: 4/15
  2742 | D:5      | Entered Level 5 of the Dungeon
  2807 | D:5      | Noticed Blork the orc
  2814 | D:5      | Killed Blork the orc
  2815 | D:5      | Reached skill level 6 in Spellcasting
  2895 | D:5      | Reached XP level 6. HP: 33/33 MP: 11/17
  3166 | D:5      | Identified the amulet of Galum {Reflect -Cast Rampage
                  | +Blink rC++ SH+5}
  3242 | D:5      | Found a transporter.
  3242 | D:5      | Noticed hgbash's ghost (novice TrSh)
  3242 | D:5      | Noticed a yak
  3261 | D:5      | Found a basalt altar of Yredelemnul.
  3262 | D:5      | Found a transporter.
  3300 | D:5      | Reached skill level 7 in Spellcasting
  3307 | D:5      | Reached XP level 7. HP: 7/37 MP: 12/20
  3505 | D:5      | Reached skill level 8 in Spellcasting
  3857 | D:5      | Learned a level 2 spell: Blink
  3861 | D:5      | Learned a level 3 spell: Vampiric Draining
  4270 | D:4      | Reached skill level 9 in Spellcasting
  4270 | D:4      | Reached XP level 8. HP: 42/42 MP: 17/23
  4632 | D:6      | Reached skill level 1 in Fighting
  5206 | D:6      | Reached skill level 1 in Ranged Weapons
  5214 | D:6      | Reached skill level 10 in Spellcasting
  5554 | D:6      | Found Gouliwk's Magic Scroll Shop.
  5856 | D:6      | Found a glowing golden altar of the Shining One.
  6308 | D:7      | Found a staircase to the Ecumenical Temple.
  6318 | Temple   | Entered the Ecumenical Temple
  6340 | Temple   | Became a worshipper of Sif Muna the Loreminder
  6534 | D:7      | Reached skill level 10 in Necromancy
  6651 | D:7      | Reached skill level 11 in Spellcasting
  6658 | Temple   | Reached XP level 9. HP: 15/47 MP: 11/26
  7093 | D:7      | Found an ancient bone altar of Kikubaaqudgha.
  7140 | D:7      | Found a glowing silver altar of Zin.
  7260 | D:7      | Found a white marble altar of Elyvilon.
  7440 | D:8      | Noticed Erica
  8017 | D:8      | Reached skill level 12 in Spellcasting
  8054 | D:8      | Noticed Maggie
  8062 | D:8      | Noticed a komodo dragon
  8068 | D:8      | Killed from afar by Maggie

Illustrated notes

Levels and vault maps discovered:
D:1:      scummos_arrival_star, layout_rooms, basic_ecumenical_altar,
          minmay_misc_feat_diagonals, corexii_corridor_pit
D:2:      layout_basic, kennysheep_generic_room_12
D:3:      layout_loops_ring, mainiacjoe_overflow_catwalk, gammafunk_ghost_arena,
          minmay_misc_feat_plants, nicolae_grassy_gnolls
D:4:      layout_loops_ring, mainiacjoe_overflow_swirl, hex_tiny
D:5:      layout_basic, general_overflow_altar, gammafunk_ghost_arena,
          uniq_blork_the_orc
D:6:      layout_loops_ring, nicolae_tso_swordbearing_angel, serial_shops,
          nicolae_shop_rolled_up, minmay_misc_feat_tower
D:7:      layout_rooms, tgw_kikubaaqudgha, elyvilon_altar_1, zin_treasury,
          minmay_temple_entry_statues_pillars
D:8:      layout_basic, grunt_lair_entry_orc_guard_hut, serial_shops, shop,
          uniq_maggie, uniq_erica
Temple:   nicolae_temple_figure_eight

Skill      XL: |  1  2  3  4  5  6  7  8  9 |
---------------+----------------------------+-----
Necromancy     | 5 6 7 8 10 11 | 11.5
Spellcasting   | 4 5 6 7 9 11 12 | 12.3
Dodging        | 3 4 |  4.1
Fighting       | 1 |  1.3
Ranged Weapons | 1 |  1.6
Stealth        | 3 |  3.1
Translocations | |  0.1
Evocations     | |  0.9

Action                     |  1- 3 |  4- 6 |  7- 9 || total
---------------------------+-------+-------+-------++-------
  Melee: Unarmed           |     2 |       |       ||     2
   Fire: Sling             |       |       |    20 ||    20
   Cast: Necrotise         |    58 |    82 |   209 ||   349
         Blink             |       |       |     1 ||     1
         Vampiric Draining |       |       |    36 ||    36
  Evoke: Wand              |       |     4 |       ||     4
    Use: Scroll            |     1 |       |     4 ||     5
         Potion            |       |     1 |       ||     1
 Armour: Robe              |     3 |     5 |    32 ||    40
  Dodge: Dodged            |     5 |    32 |   103 ||   140

Table legend: (Time is in decaauts)
 A = Elapsed time spent in this place.
 B = Non-inter-level travel time spent in this place.
 C = Inter-level travel time spent in this place.
 D = Time resting spent in this place.
 E = Time spent auto-exploring this place.
 F = Levels seen in this place.
 G = Mean time per level.
                   A        B        C        D        E       F      G
               +--------+--------+--------+--------+--------+-----+--------+
         Total |   8095 |   7093 |   1002 |     24 |   5954 |   9 |  899.4 |
       Dungeon |   7819 |   6858 |    961 |     24 |   5727 |   8 |  977.4 |
        Temple |    275 |    234 |     41 |      0 |    227 |   1 |  275.0 |
               +--------+--------+--------+--------+--------+-----+--------+

Top non-repeatable levels by time:
     D:6: 1487 daAuts
     D:5: 1286 daAuts
     D:4: 1238 daAuts
     D:7: 1015 daAuts
     D:3: 965 daAuts
     D:2: 702 daAuts
     D:1: 613 daAuts
     D:8: 509 daAuts
  Temple: 275 daAuts
